 Dungeon Crawl Stone Soup version 0.24-a0-70-gf44d0c5 (console) character file.

Game seed: 14712519515764228132

18 Duffy the Shield-Bearer (level 2, -3/36 HPs)
             Began as a Formicid Fighter on Feb 6, 2019.
             Slain by Sigmund
             ... wielding a +0 scythe
              (5 damage)
             ... on level 2 of the Dungeon.
             The game lasted 00:02:08 (1888 turns).

Duffy the Shield-Bearer (Formicid Fighter)          Turns: 1888, Time: 00:02:08

Health: -3/36      AC: 21    Str: 20    XL:     2   Next: 90%
Magic:  2/2        EV:  2    Int:  7    God:
Gold:   25         SH:  9    Dex: 13    Spells: 1/1 levels left

rFire    . . .     SeeInvis .   a - +0 war axe
rCold    . . .     Gourm    +   c - +0 shield
rNeg     + + +     Faith    .   (armour currently unavailable)
rPois    +         Spirit   .   (helmet unavailable)
rElec    .         Reflect  .   (cloak currently unavailable)
rCorr    .         Harm     .   (gloves currently unavailable)
MR       .....                  (boots currently unavailable)
Stlth    +.........             g - amulet of the gourmand
HPRegen  0.12/turn              m - +3 ring of dexterity
MPRegen  0.08/turn              (no ring)

@: tree-form
A: permanent stasis, dig shafts and tunnels, four strong arms
a: no special abilities


You were on level 2 of the Dungeon.
You were not hungry.
You were a tree.
You visited 1 branch of the dungeon, and saw 2 of its levels.

You collected 25 gold pieces.

Inventory:

Hand Weapons
 a - a +0 war axe (weapon)
Armour
 b - a +0 scale mail (melded)
 c - a +0 shield (worn)
 o - a +0 cloak (melded)
Jewellery
 g - an amulet of the gourmand (around neck)
 m - a +3 ring of dexterity (left branch)
Scrolls
 e - 2 scrolls of enchant armour {unknown}
 l - 3 scrolls of teleportation {unknown}
 p - a scroll of identify {unknown}
Potions
 d - a potion of might
 i - a potion of ambrosia {unknown}
 j - a potion of cancellation {unknown}
 k - a potion of resistance {unknown}
 n - a potion of agility {unknown}
Comestibles
 f - 2 rations


   Skills:
 - Level 3.2 Fighting
 + Level 2.6 Axes
 - Level 3.2 Armour
 + Level 4.2 Shields


You had one spell level left.
You didn't know any spells.
Your spell library was empty.

Dungeon Overview and Level Annotations

Branches:
Dungeon (2/15)

Altars:

Annotations:
D:2 Sigmund


Innate Abilities, Weirdness & Mutations

You cannot be hasted, slowed, berserked, paralysed or teleported.
You can dig through walls and to a lower floor.
Your four strong arms can wield two-handed weapons with a shield.
((You have a pair of large antennae on your head. (SInv)))


Message History

You hit something but do no damage. Something hits you but does no damage.
You miss something. Something hits you but does no damage.
You completely miss something. You miss something.
Something hits you but does no damage.
You miss something. Something hits you but does no damage.
You miss something. Something hits you but does no damage.
You nearly hit yourself!
You hear some strange, mumbled words.
A puff of flame appears from out of thin air!
The puff of flame hits you but does no damage.
You miss something. Something hits you but does no damage.
You completely miss something.
You feel less confused.
You hear some strange, mumbled words.
A magic dart appears from out of thin air!
The magic dart hits you.
You miss something. Something hits you but does no damage.
You barely miss something. You block something's attack.
You miss something. Something hits you.
You die...

#. #. ## $.
#####..?# #.
#.......# #.
#.......#
#.####......#
#.{.........#
#7.........#
+.....).=..#
#...<......#
#...........#
#...........#
#.............#
#.......#.#####
######..#.#
..$#.#


There were no monsters in sight!

Vanquished Creatures
  A dart slug (D:1)
  5 bats (D:1)
  2 goblins (D:1)
  A frilled lizard (D:1)
  6 kobolds
  2 rats (D:1)
17 creatures vanquished.

Notes
Turn   | Place    | Note
-------+----------+-------------------------------------------
     0 | D:1      | Duffy the Formicid Fighter began the quest for the Orb.
     0 | D:1      | Reached XP level 1. HP: 18/18 MP: 1/1
   160 | D:1      | Reached XP level 2. HP: 24/24 MP: 2/2
   333 | D:1      | Reached skill level 4 in Shields
  1014 | D:2      | Noticed Sigmund
  1888 | D:2      | Slain by Sigmund

Vault maps used:
D:1:      dpeg_arrival_rooms_with_view, layout_basic, minmay_box_of_dots
D:2:      layout_basic, lemuel_coloured_pillars_altar, uniq_sigmund

Skill      XL: |  1  2 |
---------------+-------+-----
Shields        | 4 |  4.2
Fighting       | |  3.2
Axes           | |  2.6
Armour         | |  3.2

Action                   || total
-------------------------++-------
Melee: War axe           ||    81
 Abil: Dig               ||     1
  Use: Potion            ||     1
  Eat: Chunk             ||     6
Armor: Scale mail        ||    48
       Skin              ||     9
Dodge: Dodged            ||    21
Block: Shield            ||    39

Table legend:
 A = Non-vault XP
 B = Vault XP
 C = Vault XP percentage of total XP
 D = Non-vault monster count
 E = Vault monster count
 F = Vault count percentage of total count
                 A         B        C        D         E       F
            +---------+---------+-------+---------+---------+-------
      Total |      21 |       6 |  22.2 |      13 |       4 |  23.5
            +---------+---------+-------+---------+---------+-------
        D:1 |      19 |       6 |  24.0 |      12 |       4 |  25.0
        D:2 |       2 |       0 |   0.0 |       1 |       0 |   0.0
            +---------+---------+-------+---------+---------+-------
